 Dungeon Crawl Stone Soup version 0.22-b1-21-g5cfc168 (webtiles) character file.

2561 poirepourri the Cleaver (level 9, -1/90 HPs)
             Began as a Deep Dwarf Fighter on Aug 5, 2018.
             Was a Follower of Makhleb.
             Slain by a two-headed ogre
             ... wielding a +0 giant club
              (16 damage)
             ... on level 8 of the Dungeon.
             The game lasted 00:08:44 (5813 turns).

poirepourri the Cleaver (Deep Dwarf Fighter)        Turns: 5813, Time: 00:08:45

Health: -1/90      AC: 11    Str: 21    XL:     9   Next: 31%
Magic:  8/8        EV:  7    Int: 11    God:    Makhleb [*.....]
Gold:   93         SH:  9    Dex: 15    Spells: 8/8 levels left

rFire    x . .     SeeInvis .   a - +0 war axe
rCold    + . .     Gourm    .   c - +0 shield
rNeg     . . .     Faith    .   b - +0 scale mail
rPois    .         Spirit   .   e - +2 helmet {Int+3}
rElec    .         Reflect  .   t - scarf {cloud immunity}
rCorr    .         Harm     .   d - +0 pair of gloves
MR       +....                  (no boots)
Stlth    ..........             (no amulet)
HPRegen  0.00/turn              o - ring of ice
MPRegen  0.11/turn              (no ring)

@: non-regenerating
A: damage resistance, heal wounds, sense surroundings 2, no regeneration
a: Heal Wounds, Renounce Religion


You were on level 8 of the Dungeon.
You worshipped Makhleb.
Makhleb was aware of your devotion.
You were not hungry.

You visited 2 branches of the dungeon, and saw 9 of its levels.

You collected 453 gold pieces.
You spent 360 gold pieces at shops.

Inventory:

Hand Weapons
 a - a +0 war axe (weapon)
 u - the +5 mace of Rotation {freeze, rN+, unknown}
   (You found it on level 4 of the Dungeon)

   It has been specially enchanted to freeze those struck by it, causing extra
   injury to most foes and up to half again as much damage against particularly
   susceptible opponents.
   It can also slow down cold-blooded creatures.
   It protects you from negative energy.
Missiles
 m - 26 bolts
 n - 9 tomahawks (quivered)
Armour
 b - a +0 scale mail (worn)
 c - a +0 shield (worn)
 d - a +0 pair of gloves (worn)
 e - a +2 helmet of intelligence (worn)
 t - a scarf of cloud immunity (worn)
Jewellery
 i - an uncursed amulet of rage
 o - a ring of ice (left hand)
 A - an uncursed ring of magical power {unknown}
Wands
 x - a wand of random effects (26)
 z - a wand of acid (13)
 B - a wand of iceblast (8)
Scrolls
 j - 4 scrolls of remove curse
 p - a scroll of amnesia
 s - a scroll of magic mapping
 w - a scroll of identify
 y - a scroll of fog {unknown}
 C - a scroll of fear {unknown}
Potions
 f - 2 potions of brilliance
 g - a potion of invisibility {unknown}
 h - 3 potions of flight
 l - a potion of agility {unknown}
 q - 2 potions of magic
 r - a potion of berserk rage {unknown}
 v - 2 potions of lignification {unknown}
 E - 4 potions of curing
Comestibles
 k - 6 rations


   Skills:
 + Level 8.7 Fighting
 - Level 10.0 Axes
 - Level 3.2 Armour
 - Level 3.2 Shields


You had 8 spell levels left.
You didn't know any spells.
Your spell library was empty.

Dungeon Overview and Level Annotations

Branches:
Dungeon (8/15)             Temple (1/1) D:7
   Lair: D:8-11

Altars:
Ashenzari
Cheibriados
Dithmenos
Elyvilon
Fedhas
Gozag
Kikubaaqudgha
Makhleb
Nemelex Xobeh
Okawaru
Qazlal
Ru
Sif Muna
Trog
Uskayaw
Vehumet
Wu Jian
Xom
Yredelemnul
Zin
The Shining One

Shops:
D:8 !


Innate Abilities, Weirdness & Mutations

You are resistant to damage.
You can heal yourself by infusing magical energy.
You passively map the area around you.
You do not regenerate.


Message History

The two-headed ogre is heavily wounded.
The two-headed ogre hits you with a giant club!!
* * * LOW HITPOINT WARNING * * *
The two-headed ogre hits you with a giant club!
* * * LOW HITPOINT WARNING * * *
You hit the two-headed ogre.
The two-headed ogre is severely wounded.
You hit the two-headed ogre.
The two-headed ogre is severely wounded.
You block the two-headed ogre's attack. x2
Unknown command.
You feel much better. You block the two-headed ogre's attack.
The two-headed ogre hits you with a giant club!
* * * LOW HITPOINT WARNING * * *
You barely miss the two-headed ogre.
The two-headed ogre is severely wounded.
The two-headed ogre hits you with a giant club!
* * * LOW HITPOINT WARNING * * *
The two-headed ogre hits you with a giant club!!
You die...

.....≈≈∩≈≈...............##
.....≈≈≈≈≈....###.........#
......≈≈≈#....# #.........#
.........#....# #......#..#
.........#....###......#..#
##......##.............##.#
#........#............## .#
#........#............#
*..*
................@######
,>#* ................O# , ,
, ..##†............# , , *
..##.............# *, ,
..##.............# *
..##.............# ,,
############.....# , ,*, *
#.....# , , * , ,


You could see a two-headed ogre.

Vanquished Creatures
  Prince Ribbit (D:6)
  2 water moccasins
  An orc warrior (D:6)
  A phantom (D:7)
  A sky beast (D:6)
  4 ogres
  An eye of draining (D:8)
  A centaur (D:6)
  2 bullfrogs
  2 scorpions
  3 bullfrog zombies
  2 jellies (D:6)
  2 hounds
  5 orc priests
  Crazy Yiuf (D:4)
  2 bullfrog skeletons (D:4)
  A centaur skeleton (D:4)
  2 iguanas
  7 orc wizards
  4 worker ants
  A killer bee zombie (D:7)
  2 hound zombies
  A howler monkey zombie (D:5)
  9 adders
  6 shadow imps
  An adder zombie (D:7)
  2 worms
  3 dart slugs
  7 leopard geckos
  46 orcs
  11 bats
  4 giant cockroaches
  5 goblins
  7 hobgoblins
  4 jackals (D:2)
  4 quokkas
  6 frilled lizards
  3 kobolds
  A leopard gecko skeleton (D:4)
  5 rats
  A bush (D:4)
  2 fungi (D:4)
176 creatures vanquished.

Notes
Turn   | Place    | Note
-------+----------+-------------------------------------------
     0 | D:1      | poirepourri the Deep Dwarf Fighter began the quest for the Orb.
     0 | D:1      | Reached XP level 1. HP: 20/20 MP: 1/1
   146 | D:1      | Reached skill level 3 in Axes
   171 | D:1      | Reached XP level 2. HP: 24/27 MP: 2/2
   831 | D:2      | Reached XP level 3. HP: 27/33 MP: 3/3
   856 | D:2      | Reached skill level 4 in Axes
  1365 | D:2      | Found a shadowy altar of Dithmenos.
  1430 | D:3      | Reached XP level 4. HP: 30/40 MP: 4/4
  1433 | D:3      | Reached skill level 5 in Axes
  1502 | D:3      | Reached XP level 5. HP: 23/46 MP: 5/5
  2024 | D:3      | Reached skill level 6 in Axes
  2407 | D:4      | You fall through a shaft for 2 floors!
  2482 | D:6      | Noticed an orc warrior
  2515 | D:6      | Reached skill level 7 in Axes
  2515 | D:6      | Reached XP level 6. HP: 35/55 MP: 6/6
  2567 | D:6      | Killed an orc warrior
  2571 | D:6      | Reached skill level 8 in Axes
  2688 | D:6      | Reached XP level 7. HP: 36/61 MP: 7/7
  2717 | D:6      | Reached skill level 9 in Axes
  2745 | D:5      | Entered Level 5 of the Dungeon
  3713 | D:4      | Reached skill level 10 in Axes
  4113 | D:4      | Found a runed door.
  4118 | D:4      | Noticed Crazy Yiuf
  4125 | D:4      | Killed Crazy Yiuf
  4129 | D:4      | Got a warped mace
  4281 | D:6      | Noticed Prince Ribbit
  4294 | D:6      | Reached XP level 8. HP: 44/72 MP: 8/8
  4405 | D:6      | Killed Prince Ribbit
  4405 | D:6      | Reached skill level 5 in Fighting
  4883 | D:7      | Gained mutation: You passively map the area around you. [Deep Dwarf growth]
  4883 | D:7      | Reached XP level 9. HP: 22/86 MP: 9/9
  4974 | D:7      | Found a staircase to the Ecumenical Temple.
  5056 | Temple   | Entered the Ecumenical Temple
  5119 | Temple   | Became a worshipper of Makhleb the Destroyer
  5475 | D:8      | Found Beashryfa's Distillery.
  5554 | D:8      | Bought a potion of heal wounds for 60 gold pieces
  5554 | D:8      | Bought a potion of heal wounds for 60 gold pieces
  5554 | D:8      | Bought a potion of curing for 36 gold pieces
  5554 | D:8      | Bought a potion of ambrosia for 96 gold pieces
  5554 | D:8      | Bought a potion of curing for 36 gold pieces
  5554 | D:8      | Bought a potion of curing for 36 gold pieces
  5554 | D:8      | Bought a potion of curing for 36 gold pieces
  5687 | D:8      | Reached * piety under Makhleb
  5798 | D:8      | Noticed a two-headed ogre
  5813 | D:8      | Slain by a two-headed ogre

Skill      XL: |  1  2  3  4  5  6  7  8  9 |
---------------+----------------------------+-----
Axes           | 3 4 5 7 8 10 | 10.0
Fighting       | 3 7 8 |  8.7
Armour         | |  3.2
Shields        | |  3.2

Action                   |  1- 3 |  4- 6 |  7- 9 || total
-------------------------+-------+-------+-------++-------
Melee: War axe           |   142 |   145 |   397 ||   684
Throw: Tomahawk          |       |     5 |     9 ||    14
 Abil: Heal Wounds       |       |       |    11 ||    11
  Use: Scroll            |     6 |     2 |     6 ||    14
       Potion            |       |     3 |     5 ||     8
  Eat: Chunk             |     2 |       |     1 ||     3
       Ration            |       |     2 |     2 ||     4
Armor: Scale mail        |    94 |    54 |   147 ||   295
Dodge: Dodged            |    51 |    38 |    88 ||   177
Block: Shield            |    85 |    66 |   159 ||   310
